 Dungeon Crawl Stone Soup version 0.30-a0-918-g0ff054e9dc (webtiles) character file.

Game seed: 9727557631584209661

21 NotreDorf the Magician (level 2, -3/19 HPs)
             Began as a Mummy Hedge Wizard on Mar 20, 2023.
             Slain by a gnoll
             ... wielding a +0 club
              (6 damage)
             ... on level 2 of the Dungeon.
             The game lasted 00:02:42 (1194 turns).

NotreDorf the Magician (Mummy Hedge Wizard)         Turns: 1194, Time: 00:02:43

Health: -3/19      AC:  2    Str: 13    XL:     2   Next: 65%
Magic:  2/7        EV: 12    Int: 13    God:
Gold:   47         SH:  0    Dex: 11    Spells: 5/10 levels left

rFire   x . .      SeeInvis .    d - +0 short sword
rCold   + . .      Faith    +    (no shield)
rNeg    + + +      Spirit   .    b - +0 robe
rPois   ∞          Reflect  .    c - +0 hat
rElec   .          Rampage  .    (no cloak)
rCorr   .                        (no gloves)
Will    .....                    (no boots)
Stlth   ++                       (no amulet)
HPRegen 0.23/turn                (no ring)
MPRegen 0.10/turn                (no ring)

@: very slightly contaminated
A: cold resistance 1, negative energy resistance 3, torment resistance 2, heat
vulnerability 1, no potions, faith
a: no special abilities


You were on level 2 of the Dungeon.
You visited 1 branch of the dungeon, and saw 2 of its levels.

You collected 47 gold pieces.

Inventory:

Hand Weapons
 a - a +0 dagger
 d - a +0 short sword (weapon)
Armour
 b - a +0 robe (worn)
 c - a +0 hat (worn)
Scrolls
 e - a scroll of teleportation {unknown}


   Skills:
 - Level 1.5 Dodging
 - Level 1.5 Stealth
 + Level 4.5 Spellcasting
 + Level 1.5 Conjurations
 + Level 1.0 Summonings
 - Level 0.7 Translocations


You had 5 spell levels left.
You knew the following spells:

 Your Spells              Type           Power      Damage    Failure   Level
a - Magic Dart            Conj           24%        1d4       11%         1
b - Blink                 Tloc           8%         N/A       22%         2
c - Call Imp              Summ           5%         N/A       21%         2

Your spell library contained the following spells:

 Spells                   Type           Power      Damage    Failure   Level
 Slow                     Hex            8%         N/A       21%         1
 Cigotuvi's Dreadful Rot  Necr/Pois/Air  4%         N/A       30%         2
 Mephitic Cloud           Conj/Pois/Air  4%         N/A       43%         3


Dungeon Overview and Level Annotations

Branches:
Dungeon (2/15)

Altars:


Innate Abilities, Weirdness & Mutations

You are immune to poison.
Your flesh is cold resistant. (rC+)
You are immune to negative energy. (rN+++)
You are immune to unholy pain and torment.
You are vulnerable to heat. (rF-)
You do not drink.
You have a special connection with the divine. (Faith)


Message History

The adder bites your shadow imp but does no damage.
The adder barely misses your shadow imp.
The gnoll hits you with a +0 club. The gnoll barely misses you.
Your shadow imp misses the adder.
You barely miss the gnoll.
The gnoll is moderately wounded.
The adder misses your shadow imp.
A goblin comes into view. It is wielding a +0 club.
The gnoll barely misses you.
Your shadow imp barely misses the adder.
The gnoll barely misses you.
You closely miss the gnoll.
The gnoll is moderately wounded.
The adder bites your shadow imp. The gnoll hits you but does no damage.
The gnoll barely misses your shadow imp.
Your shadow imp misses the adder.
You closely miss the gnoll.
The gnoll is moderately wounded.
The adder bites your shadow imp but does no damage.
The adder bites your shadow imp. The gnoll hits you with a +0 club!
Your shadow imp barely misses the adder.
The gnoll misses you.
You closely miss the gnoll.
The gnoll is moderately wounded.
The adder misses your shadow imp. The gnoll misses you.
The gnoll hits your shadow imp but does no damage.
A kobold comes into view. It is wielding a +0 short sword.
Your shadow imp gestures at the adder.
The adder writhes in agony!
The adder dies!
Your Summonings skill increases to level 1!
You closely miss the gnoll.
The gnoll is moderately wounded.
The gnoll hits you but does no damage. The gnoll hits you with a +0 club!
* * * LOW HITPOINT WARNING * * *
Your shadow imp hits the gnoll.
You hit the gnoll but do no damage.
The gnoll is severely wounded.
The bat closely misses you. The gnoll hits you with a +0 club.
You die...

### #.# #
...#.#.###..#.#
......†5@.b.....
....#.#gg##.....
.. #..gg. ...
.....### #
PPP.P...
.P..PP..
.K.P.P.. .......


You could see 3 gnolls, a goblin, a bat, a kobold and a friendly shadow imp
(summoned).

Vanquished Creatures
  A ball python (D:1)
  A giant cockroach (D:1)
  2 hobgoblins (D:1)
  2 kobolds (D:1)
  2 quokkas (D:1)
  A frilled lizard (D:1)
  2 rats (D:1)
11 creatures vanquished.

Vanquished Creatures (collateral kills)
  An adder (D:2)
1 creature vanquished.

Grand Total: 12 creatures vanquished

Notes
Turn   | Place    | Note
-------+----------+-------------------------------------------
     0 | D:1      | NotreDorf the Mummy Hedge Wizard began the quest for the
                  | Orb.
     0 | D:1      | Reached XP level 1. HP: 13/13 MP: 5/5
   149 | D:1      | Reached skill level 1 in Conjurations
   183 | D:1      | Found a faded altar of an unknown god.
   513 | D:1      | Reached XP level 2. HP: 19/19 MP: 1/7
  1137 | D:1      | Learned a level 2 spell: Blink
  1140 | D:1      | Learned a level 2 spell: Call Imp
  1193 | D:2      | Reached skill level 1 in Summonings
  1194 | D:2      | Slain by a gnoll

Illustrated notes

Levels and vault maps discovered:
D:1:      wheals_arrival_shading, layout_basic,
          chequers_ecumenical_altar_simple_redux
D:2:      layout_basic, serial_shops, nicolae_shop_overgrown_old_shop,
          st_stairs_13, grunt_ministairs_10, corexii_hall_statues_i,
          nicolae_grassy_gnolls, uniq_terence

Skill      XL: |  1  2 |
---------------+-------+-----
Conjurations   | 1 |  1.5
Summonings     | 1 |  1.0
Dodging        | |  1.5
Stealth        | |  1.5
Spellcasting   | |  4.5
Translocations | |  0.7

Action                     || total
---------------------------++-------
  Melee: Short sword       ||     9
   Cast: Magic Dart        ||    33
         Call Imp          ||     1
 Armour: Robe              ||     2
  Dodge: Dodged            ||     9

Table legend: (Time is in decaauts)
 A = Elapsed time spent in this place.
 B = Non-inter-level travel time spent in this place.
 C = Inter-level travel time spent in this place.
 D = Time resting spent in this place.
 E = Time spent auto-exploring this place.
 F = Levels seen in this place.
 G = Mean time per level.
                   A        B        C        D        E       F      G
               +--------+--------+--------+--------+--------+-----+--------+
         Total |   1193 |   1152 |     41 |      0 |   1056 |   2 |  596.5 |
       Dungeon |   1193 |   1152 |     41 |      0 |   1056 |   2 |  596.5 |
               +--------+--------+--------+--------+--------+-----+--------+

Top non-repeatable levels by time:
     D:1: 1181 daAuts
     D:2: 11 daAuts
